AoeStats
← ZenSma

QS Arena

503360590Analyzed
1v1 RM · 1mo ago on Aug 31, 2026· 26m 5s· 2 players
Game mode
Random Map
Map size
Tiny (2 player)
Population
200
Speed
Normal
Resources
Standard
Victory
Conquest
Starting age
Dark Age
Ending age
Imperial Age
RankedLock teamsTeams togetherTeam positionsShared explorationLock speedFull tech treeHidden civsTurbo modeCheats
Victory
Defeat
🇭🇺 Spanish · Hungary
1057
+16
🇻🇳 Bulgarians · Vietnam
1055
-16
ZenSma
8:44 Feudal Age
12:36 Castle Age
11:10 Stone Mining
11:58 Loom
13:11 Fletching
18:57 Horse Collar
22:59 Double-Bit Axe
LSL
7:43 Feudal Age
7:27 Loom
12:21 Castle Age
10:43 Double-Bit Axe
12:04 Horse Collar
14:05 Fletching
18:51 Wheelbarrow
19:51 Bodkin Arrow
Connection lost

Rejoining the realm…

Still unreachable

The connection could not be restored.

Session expired

The server has moved on; the page needs a fresh start.